Map: Beckett Industries LE

Players

Serral - Winner!

  • Race: Zerg Zerg

Clem

  • Race: Terran Terran

Event: DreamHack SC2 Masters 2021 Winter

VOD

Have the link to the VOD?

Description

Time

  • Played on: Oct. 17, 2021, 1:22 p.m.
  • Length: 16:22

All games in this series

Show
View Real Time Build Order
Export as new Build Order

Serral Zerg - Winner!

Build Orders: Pool First, Lurkers 

Get SALT Encoding   

  12  0:00  Drone  
  13  0:12  Overlord  
  13  0:16  Drone  
  14  0:30  Drone x2  
  14  0:34  Drone  
  17  0:44  Spawning Pool  
  17  0:47  Drone  
  17  1:08  Hatchery  
  17  1:10  Drone  
  17  1:13  Extractor  
  17  1:15  Drone  
  17  1:18  Drone  
  18  1:30  Queen  
  18  1:31  Zergling x2  
  21  1:38  Zergling x2  
  22  1:49  Overlord  
  22  2:07  Queen  
  25  2:08  Drone  
  25  2:10  Drone  
  26  2:20  Drone  
  26  2:22  Queen  
  29  2:26  Drone  
  30  2:33  Drone x2  
  32  2:43  Drone x4  
  36  2:49  Overlord  
  35  2:52  Drone  
  36  3:01  Hatchery  
  36  3:03  Drone  
  36  3:09  Drone, Overlord  
  37  3:18  Drone  
  37  3:19  Drone  
  40  3:20  Drone x2  
  40  3:21  Drone  
  40  3:23  Roach Warren  
  40  3:26  Drone  
  42  3:31  Queen  
  44  3:35  Queen  
  44  3:38  Overlord  
  46  3:43  Drone x2  
  48  3:48  Drone x2, Extractor  
  48  3:49  Drone  
  48  3:50  Drone  
  48  3:54  Drone  
  48  3:55  Overlord  
  52  3:59  Overlord  
  52  4:09  Roach x3  
  57  4:12  Drone  
  57  4:13  Drone  
  57  4:15  Drone  
  56  4:22  Drone x2  
  58  4:31  Drone x2  
  59  4:40  Lair  
  59  4:41  Drone  
  59  4:42  Drone x5  
  65  4:46  Spore Crawler  
  65  4:50  Drone  
  65  4:51  Spore Crawler  
  64  4:53  Spore Crawler  
  64  4:55  Drone x2  
  65  5:03  Drone  
  65  5:04  Drone x4  
  65  5:05  Drone  
  71  5:08  Roach  
  71  5:09  Roach  
  75  5:15  Drone, Extractor  
  75  5:17  Extractor  
  75  5:18  Drone x2  
  75  5:19  Drone x2  
  78  5:23  Roach  
  78  5:24  Overlord  
  78  5:25  Drone x2  
  78  5:27  Extractor  
  81  5:28  Extractor  
  81  5:30  Overlord  
  81  5:32  Drone x2  
  81  5:35  Overlord  
  82  5:37  Overseer  
  82  5:38  Glial Reconstitution  
  82  5:44  Drone x2  
  82  5:45  Drone x2  
  82  5:48  Drone  
  87  5:51  Drone x4  
  87  5:53  Drone x4  
  87  5:55  Drone x2  
  96  5:58  Drone  
  96  6:04  Drone x3  
  99  6:13  Evolution Chamber  
  99  6:14  Evolution Chamber  
  99  6:16  Overlord  
  99  6:17  Roach x2  
  99  6:18  Overseer  
  101  6:22  Roach x2  
  105  6:25  Hatchery  
  105  6:26  Infestation Pit  
  105  6:28  Overlord x2  
  103  6:33  Overlord  
  103  6:38  Spore Crawler  
  103  6:39  Overlord  
  102  6:40  Roach x4  
  102  6:43  Overlord  
  102  6:46  Roach x2  
  114  6:49  Zerg Ground Armor Level 1  
  114  6:51  Zerg Missile Weapons Level 1  
  114  6:53  Overlord  
  114  7:00  Roach x3  
  120  7:04  Hive, Infestor x2  
  124  7:09  Drone x3  
  124  7:10  Drone  
  124  7:12  Metabolic Boost  
  128  7:16  Drone x2, Extractor  
  128  7:17  Extractor  
  128  7:19  Ravager x2  
  128  7:20  Ravager  
  131  7:23  Overseer, Roach x3  
  137  7:30  Hydralisk Den  
  137  7:32  Roach x3  
  137  7:36  Overlord x2  
  142  7:38  Roach  
  142  7:41  Overlord  
  142  7:42  Overlord  
  144  7:45  Roach x2  
  144  7:47  Drone x2  
  144  7:49  Queen  
  152  7:52  Ravager  
  152  7:53  Overlord  
  152  7:57  Roach x3  
  159  8:05  Roach x4  
  167  8:13  Lurker Den  
  166  8:20  Hydralisk x4  
  166  8:25  Hydralisk x2  
  178  8:29  Hatchery  
  177  8:38  Zergling x8  
  177  8:39  Zergling x2  
  182  8:54  Roach x6  
  182  8:55  Roach  
  190  9:01  Zerg Missile Weapons Level 2, Zerg Ground Armor Level 2  
  187  9:11  Lurker  
  187  9:12  Lurker x5  
  187  9:13  Seismic Spines  
  187  9:14  Roach  
  187  9:15  Roach x2  
  190  9:32  Roach  
  190  9:33  Roach x4  
  193  9:40  Ravager  
  193  9:42  Muscular Augments  
  193  9:44  Overseer  
  194  9:48  Ravager  
  193  9:53  Ravager x2  
  186  10:03  Roach x12  
  178  10:07  Roach x5  
  178  10:10  Adaptive Talons  
  178  10:12  Roach  
  178  10:13  Roach x3  
  170  10:16  Ravager  
  166  10:28  Ravager x3, Zergling x8, Roach x2  
  168  10:29  Zergling x12  
  175  10:38  Roach x9  
  179  10:46  Roach x5  
  173  10:55  Roach x4  
  153  11:00  Roach x2  
  155  11:13  Viper  
  155  11:14  Viper  
  155  11:15  Zergling x12  
  155  11:17  Zerg Melee Weapons Level 1  
  165  11:18  Zergling x2  
  165  11:26  Hydralisk x3  
  165  11:27  Hydralisk  
  165  11:30  Extractor  
  165  11:31  Extractor  
  171  11:33  Overseer x3  
  171  11:39  Roach x8  
  185  11:54  Lurker x4  
  185  11:59  Drone x3  
  185  12:00  Drone x3  
  198  12:01  Roach x2  
  191  12:27  Hydralisk x8, Roach x6  
  186  12:52  Hydralisk x2  
  186  12:56  Hydralisk x3  
  186  12:57  Roach x9  
  178  13:12  Hatchery, Roach x3  
  180  13:13  Hydralisk x4  
  180  13:15  Lurker x6  
  180  13:16  Lurker  
  180  13:19  Lurker x2  
  191  13:24  Zerg Melee Weapons Level 2  
  191  13:28  Hatchery  
  191  13:29  Hydralisk x3, Zergling x2  
  191  13:30  Zergling x2  
  189  13:40  Hydralisk x4, Grooved Spines  
  184  13:49  Lurker  
  184  13:54  Lurker x2  
  175  14:01  Zergling x16  
  175  14:02  Queen x3  
  178  14:03  Queen  
  186  14:13  Viper x2  
  186  14:15  Zergling x6  
  186  14:16  Spore Crawler  
  178  14:19  Zergling x4  
  178  14:22  Hydralisk  
  176  14:27  Hydralisk x3  
  174  14:39  Hydralisk x2  
  174  14:40  Roach x3  
  184  14:54  Overseer  
  184  14:59  Lurker x4, Baneling Nest  
  187  15:02  Zergling x20  
  186  15:22  Zergling x2  
  186  15:23  Zergling x32  
  185  15:36  Hydralisk x6  
  185  15:41  Hatchery  
  186  15:49  Zergling x12  
  186  15:54  Hydralisk x3  
Show
View Real Time Build Order
Export as new Build Order

Clem Terran 

Build Orders: Reaper Expand, Hellion Banshee 

Get SALT Encoding   

  12  0:00  SCV  
  13  0:12  SCV  
  14  0:16  Supply Depot  
  14  0:24  SCV  
  15  0:38  SCV  
  15  0:40  Barracks  
  16  0:43  Refinery  
  16  0:50  SCV  
  17  1:02  SCV  
  18  1:14  SCV  
  19  1:27  Reaper, Orbital Command  
  20  1:40  Command Center  
  20  1:48  Supply Depot  
  20  1:52  SCV  
  21  1:58  Marine  
  22  2:06  SCV  
  23  2:12  Factory  
  23  2:18  SCV  
  23  2:20  Barracks Reactor  
  24  2:23  Refinery  
  24  2:30  SCV  
  25  2:42  SCV  
  26  2:54  SCV  
  26  2:56  Starport  
  27  2:59  Orbital Command  
  27  3:02  Hellion  
  27  3:03  Hellion, Barracks Tech Lab  
  31  3:06  SCV  
  32  3:18  SCV  
  33  3:24  Hellion x2  
  33  3:26  SCV  
  38  3:28  Supply Depot  
  38  3:30  SCV  
  39  3:38  SCV  
  40  3:43  Cloaking Field, Banshee  
  40  3:44  SCV  
  44  3:49  Hellion  
  44  3:51  Hellion  
  44  3:52  Supply Depot  
  44  3:53  SCV  
  44  3:55  Barracks Tech Lab  
  49  3:56  SCV  
  50  4:05  SCV  
  50  4:09  SCV  
  54  4:17  SCV  
  54  4:21  SCV  
  48  4:25  Supply Depot  
  48  4:26  Banshee  
  48  4:27  Supply Depot  
  48  4:28  Marine x2  
  48  4:29  SCV, Siege Tank  
  57  4:33  SCV  
  57  4:40  Command Center  
  57  4:42  SCV  
  57  4:45  SCV  
  57  4:48  Barracks  
  57  4:52  Marine x2, Barracks  
  59  4:54  SCV  
  59  4:57  SCV  
  61  5:02  Supply Depot  
  61  5:06  SCV, Siege Tank  
  65  5:09  SCV  
  65  5:10  Supply Depot  
  66  5:14  Refinery  
  66  5:15  Refinery  
  66  5:18  SCV, Marine  
  66  5:20  Stimpack  
  68  5:22  SCV  
  68  5:26  Supply Depot  
  69  5:30  SCV  
  69  5:34  SCV  
  71  5:39  Barracks  
  71  5:40  Barracks Reactor, Barracks  
  71  5:41  Marine, Starport Reactor  
  71  5:42  SCV  
  73  5:46  SCV, Engineering Bay  
  73  5:49  Marine x2  
  76  5:50  Engineering Bay  
  76  5:54  SCV, Orbital Command  
  75  5:59  Marine  
  75  6:00  SCV  
  75  6:03  Siege Tank  
  80  6:06  SCV  
  80  6:09  Supply Depot  
  80  6:11  Marine x2  
  82  6:12  SCV  
  82  6:15  Terran Infantry Weapons Level 1  
  82  6:17  Orbital Command  
  82  6:18  Marine, Terran Infantry Armor Level 1  
  84  6:19  SCV  
  86  6:26  Supply Depot, Marine  
  86  6:27  SCV  
  86  6:28  Barracks Reactor  
  86  6:29  Barracks Reactor  
  86  6:30  Medivac  
  86  6:32  SCV  
  91  6:34  Marine x2  
  91  6:39  Siege Tank  
  91  6:40  Marine x2  
  91  6:43  SCV x2  
  91  6:44  SCV  
  96  6:47  Supply Depot  
  96  6:48  Marine  
  96  6:51  Marine  
  96  6:52  Supply Depot  
  98  6:56  Marine  
  98  6:57  Supply Depot  
  98  6:59  SCV x2  
  98  7:00  Combat Shield  
  98  7:01  SCV  
  102  7:05  Barracks  
  102  7:10  Barracks  
  102  7:12  Marine x2, Barracks  
  102  7:13  Marine  
  105  7:15  Armory  
  105  7:20  Siege Tank  
  105  7:21  Supply Depot, Marine  
  105  7:22  Marine x2  
  111  7:24  Marine x2  
  111  7:26  Medivac  
  111  7:28  Medivac  
  117  7:34  Supply Depot x2  
  117  7:35  Marine x3  
  120  7:39  SCV x3  
  120  7:40  Refinery  
  122  7:45  Supply Depot x2  
  122  7:46  Marine x2  
  122  7:48  Marine x2  
  122  7:49  Marine x2  
  128  7:52  Supply Depot, SCV, Marine  
  128  7:55  Barracks Tech Lab  
  130  7:58  Barracks Reactor  
  130  7:59  Barracks Reactor, Marine  
  130  8:02  Marine  
  130  8:04  Marine x2  
  134  8:06  Siege Tank  
  134  8:07  Medivac x2  
  134  8:11  Marauder, Supply Depot, Marine x2  
  145  8:14  Marine  
  145  8:15  Marine x2  
  145  8:19  Terran Infantry Weapons Level 2, Marine  
  129  8:22  Marine x2  
  129  8:24  Barracks Tech Lab, Marine  
  132  8:29  Marine  
  132  8:31  Marine  
  132  8:32  Marauder  
  132  8:33  Marine x2  
  138  8:37  Marine x3  
  138  8:39  Concussive Shells  
  141  8:41  Medivac  
  141  8:46  Command Center  
  142  8:50  Siege Tank  
  142  8:51  Marauder, Marine x2  
  142  8:54  Marauder, Marine x3  
  151  8:55  Marine  
  151  8:59  Marine  
  151  9:00  Refinery  
  151  9:02  Marauder, Marine x2  
  157  9:08  Medivac, Marine  
  155  9:10  Terran Infantry Armor Level 2  
  155  9:11  Marine  
  155  9:12  Marine x2  
  155  9:13  Marauder, Marine  
  155  9:16  Marauder  
  161  9:26  Marine  
  161  9:27  Marauder, Barracks Tech Lab, Marine  
  161  9:33  Marine x3  
  161  9:34  Marauder  
  161  9:36  Terran Vehicle Weapons Level 1  
  161  9:38  Siege Tank  
  166  9:39  Marauder  
  166  9:41  Marine x2  
  170  9:49  Missile Turret  
  170  9:50  Marauder  
  170  9:52  Marauder, Marine  
  172  9:55  SCV x2  
  172  9:56  Marine  
  172  9:57  SCV  
  172  9:58  SCV, Marine  
  144  10:09  Marine x2  
  144  10:10  Siege Tank  
  144  10:12  SCV x2  
  137  10:17  Marine x3  
  137  10:18  Marauder x2  
  144  10:21  SCV  
  144  10:24  SCV  
  144  10:25  Marauder  
  144  10:26  Marine  
  146  10:28  Marine  
  146  10:29  Marine x3  
  146  10:30  Marauder  
  146  10:34  Orbital Command  
  149  10:41  Marauder, Marine x2  
  149  10:42  Siege Tank  
  151  10:45  Medivac x2  
  151  10:46  Marine  
  140  10:51  Marine  
  140  10:52  Marauder  
  140  10:53  Marine  
  140  10:54  Marine  
  125  11:00  Marine x2  
  115  11:04  SCV x2  
  115  11:05  SCV, Marine x2  
  115  11:07  Marine  
  115  11:08  Marauder, Marine  
  115  11:09  Marine  
  121  11:12  SCV  
  121  11:13  Marine  
  121  11:14  Siege Tank  
  121  11:15  Medivac, Marine  
  121  11:16  SCV, Marine  
  129  11:20  Medivac  
  129  11:21  Marine x2  
  133  11:27  Marauder  
  133  11:31  Marauder  
  133  11:32  Marine x2  
  139  11:33  Marine x2  
  139  11:35  Marine x2  
  143  11:41  Marauder x2, Marine x2  
  143  11:46  Siege Tank  
  152  11:51  Marauder, Marine x3  
  152  11:52  Marauder, Marine  
  160  11:55  Liberator  
  160  11:58  Liberator  
  160  11:59  Marine  
  160  12:00  Marine x2  
  169  12:03  Marine  
  169  12:04  Marauder  
  171  12:09  Marauder, Missile Turret  
  171  12:12  Marine  
  171  12:13  Marauder x2  
  178  12:22  Marine x2  
  176  12:24  Marine  
  176  12:25  Marauder  
  176  12:26  Marine  
  159  12:31  Marauder  
  159  12:32  Terran Vehicle Weapons Level 2  
  159  12:34  Marauder  
  163  12:37  Refinery, Marine  
  163  12:38  Medivac  
  163  12:39  Terran Infantry Weapons Level 3  
  166  12:49  Widow Mine  
  166  12:50  Marine x2  
  163  12:53  Marauder  
  163  12:58  Marauder  
  151  12:59  Marine  
  151  13:00  Marauder x2  
  151  13:10  Siege Tank  
  149  13:12  Marine  
  149  13:15  Marauder  
  149  13:19  Marauder  
  142  13:21  Marauder x2  
  142  13:22  Marine x2  
  143  13:27  Marine  
  143  13:28  Marine  
  143  13:29  Marine x2  
  143  13:30  Marine  
  148  13:36  Marauder  
  148  13:37  Medivac  
  145  13:41  Marine x3  
  145  13:42  Marauder, Siege Tank, Marine  
  145  13:43  Medivac  
  145  13:44  Marine  
  145  13:45  Marine  
  152  13:52  Marine x2  
  150  13:58  Marauder  
  150  13:59  Marine  
  150  14:00  Marauder, Marine  
  150  14:01  Marine  
  150  14:02  Marauder  
  150  14:03  Marauder  
  150  14:04  Marine x2  
  150  14:09  Medivac  
  156  14:10  Marine x2  
  156  14:14  Siege Tank  
  156  14:15  Medivac  
  151  14:19  Marauder  
  151  14:22  Marauder, Marine x2  
  151  14:24  Marauder x2  
  153  14:26  Marine x2  
  153  14:31  Marine  
  148  14:35  Marine  
  148  14:39  Medivac, Marine  
  148  14:40  Marauder  
  148  14:42  Missile Turret  
  148  14:43  Marauder  
  148  14:45  Marauder  
  157  14:46  Marauder, Siege Tank, Marine x2  
  157  14:49  Marine x2  
  168  15:00  Liberator  
  168  15:01  Marine x2  
  168  15:02  Marauder  
  168  15:06  SCV  
  172  15:10  Marauder  
  172  15:11  Marine  
  169  15:18  Marauder, Marine x3  
  169  15:19  Siege Tank  
  177  15:23  Marauder  
  177  15:25  Marauder  
  152  15:36  Marauder  
  152  15:37  Marine  
  152  15:40  Marauder, Medivac  
  152  15:41  Marine  
  152  15:42  Marine x2  
  156  15:43  Marine  
  156  15:44  Marauder  
  156  15:45  Marine  
  156  15:48  Marine  
  156  15:49  Marine  
  152  15:50  Marine  
  152  15:54  Marine  
  152  16:01  Marauder  

Tags
 
Add a new tag
Caveats
  • Supply blocks, unpowered buildings, or Contaminate may cause inaccurate times.
  • Supply counts are checked every 10 seconds.